[Event "*** Titled Tuesday Blitz"]
[Site "Chess.com"]
[Date "2020.11.10"]
[Round "3"]
[White "ambaixador"]
[Black "Blitzstream"]
[Result "0-1"]
[WhiteElo "2443"]
[BlackElo "2735"]
[TimeControl "180+1"]
[EndTime "10:26:53 PST"]
[Termination "Blitzstream won by resignation"]

1. Nf3 d5 2. c4 c6 3. d4 Nf6 4. g3 Bf5 5. Qb3 Qb6 6. Nc3 e6 7. c5 Qxb3 8. axb3 Nbd7 9. b4 Be7 10. b5 O-O 11. Bg2 Ne4 12. bxc6 bxc6 13. O-O Rfb8 14.
Ra2 Bf6 15. Bg5 Nxg5 0-1

[Event "*** Titled Tuesday Blitz"]
[Site "Chess.com"]
[Date "2020.11.10"]
[Round "3"]
[White "Grieve72"]
[Black "riddhi_07"]
[Result "1-0"]
[WhiteElo "2369"]
[BlackElo "1749"]
[TimeControl "180+1"]
[EndTime "10:27:11 PST"]
[Termination "Grieve72 won by resignation"]

1. d4 Nf6 2. Bg5 d6 3. Bxf6 exf6 4. e3 Be7 5. c4 O-O 6. Nc3 Nd7 7. Qc2 c5 8. Bd3 Re8 9. Bxh7+ Kh8 10. Bd3 cxd4 11. exd4 d5 12. Nxd5 Bb4+ 13. Kf1 Re1+ 14. Rxe1 Bxe1 15.
Kxe1 1-0

[Event "*** Titled Tuesday Blitz"]
[Site "Chess.com"]
[Date "2020.11.10"]
[Round "3"]
[White "Buryshin_Vasyl"]
[Black "zurzan"]
[Result "0-1"]
[WhiteElo "2265"]
[BlackElo "2050"]
[TimeControl "180+1"]
[EndTime "10:27:14 PST"]
[Termination "zurzan won by checkmate"]

1. b3 e5 2. Bb2 d6 3. e3 Nc6 4. d4 e4 5. Bb5 d5 6. Ne2 Nf6 7.
c4 a6 8. Bxc6+ bxc6 9. cxd5 cxd5 10. O-O Bd6 11. Nbc3 O-O 12. Rc1 Be6 13. Rc2 Bxh2+ 14.
Kh1 Bd6 15. Ng3 Ng4 16. Nce2 Qh4+ 17. Kg1 Qh2# 0-1

[Event "*** Titled Tuesday Blitz"]
[Site "Chess.com"]
[Date "2020.11.10"]
[Round "3"]
[White "Bigfish1995"]
[Black "Promacherr"]
[Result "1-0"]
[WhiteElo "2976"]
[BlackElo "2707"]
[TimeControl "180+1"]
[EndTime "10:27:15 PST"]
[Termination "Bigfish1995 won by resignation"]

1. e4 e6 2. d4 d5 3. Nc3 Nf6 4.
e5 Nfd7 5. Nce2 c5 6. c3 Nc6 7. f4 Qb6 8. Nf3 Be7 9. a3 f6 10. b4 cxd4 11. cxd4 O-O 12. Rb1 Qc7 13. Be3 b6 14. Rc1 Qb7 15. Qc2 Nd8 16. Nc3 Nf7 17. Bd3 f5 18. Nb5 a5 19. Nc7 axb4 20. Nxa8 Qxa8 21. axb4 Bxb4+ 22. Kf2 Nh6 23. h3 Be7 24. Ra1 Qb8 25. Rhc1 Nf7 26. Qc6 Nd8 27. Qxc8 Qxc8 1-0

[Event "*** Titled Tuesday Blitz"]
[Site "Chess.com"]
[Date "2020.11.10"]
[Round "3"]
[White "Shtembuliak"]
[Black "Chernobay_Artem"]
[Result "1-0"]
[WhiteElo "2869"]
[BlackElo "2625"]
[TimeControl "180+1"]
[EndTime "10:27:36 PST"]
[Termination "Shtembuliak won by resignation"]

1. c4 g6 2. d4 Bg7 3. e4 d6 4. Nc3 e5 5. Nf3 Nc6 6. Bg5 Nge7 7. dxe5 Nxe5 8. Nxe5 dxe5 9. Qxd8+ Kxd8 10. Nd5 f6 11. Nxf6 Be6 12. Nd5 Bxd5 13. cxd5 Kd7 14. Bb5+ Kd6 15.
Rc1 a6 16. Bxe7+ Kxe7 17. Rxc7+ Kf6 18. Bd7 1-0

[Event "*** Titled Tuesday Blitz"]
[Site "Chess.com"]
[Date "2020.11.10"]
[Round "3"]
[White "KacperPolOK"]
[Black "kuli4ik"]
[Result "0-1"]
[WhiteElo "2460"]
[BlackElo "2856"]
[TimeControl "180+1"]
[EndTime "10:27:40 PST"]
[Termination "kuli4ik won by resignation"]

1. e4 g6 2. d4 Bg7 3. Nc3 a6 4. Bg5 b5 5. Qd2 Bb7 6. f3 d6 7.
g4 Nd7 8. h4 h6 9. Be3 c5 10. dxc5 Nxc5 11. Bxc5 dxc5 12. Kd1 e6 13. Qxd8+ Rxd8+ 14. Ke2 Ne7 15. Rd1 O-O 16. Bg2 Nc6 17.
Kf2 Bd4+ 18. Kg3 Bxc3 19. Rxd8 Be1+ 0-1

[Event "*** Titled Tuesday Blitz"]
[Site "Chess.com"]
[Date "2020.11.10"]
[Round "3"]
[White "xberli"]
[Black "kidagent"]
[Result "1-0"]
[WhiteElo "2537"]
[BlackElo "2312"]
[TimeControl "180+1"]
[EndTime "10:27:47 PST"]
[Termination "xberli won by resignation"]

1. e4 c5 2. Nf3 d6 3. d4 cxd4 4. Nxd4 Nf6 5. Nc3 a6 6. Bg5 e6 7. f4 Be7 8. Qf3 Qc7 9. O-O-O Nbd7 10. f5 Ne5 11. Qh3 exf5 12. exf5 Bd7 13. Kb1 O-O-O 14. Bxf6 Bxf6 15. Nd5 Qa5 16. Nb3 1-0

[Event "*** Titled Tuesday Blitz"]
[Site "Chess.com"]
[Date "2020.11.10"]
[Round "3"]
[White "louis198"]
[Black "Aleksandar-Topalov"]
[Result "1-0"]
[WhiteElo "2567"]
[BlackElo "2362"]
[TimeControl "180+1"]
[EndTime "10:27:48 PST"]
[Termination "louis198 won by resignation"]

1. d4 Nf6 2. c4 c5 3. e3 g6 4. Nc3 Bg7 5. Nf3 O-O 6. Be2 cxd4 7. exd4 d5 8. c5 b5 9. Bxb5 Qa5 10. O-O Ne4 11. Qb3 Bg4 12. Be2 Na6 13. Nxd5 e6 14. Ne7+ Kh8 15. Nc6 Qc7 16. Bxa6 Qxc6 17. Bb7 1-0

[Event "*** Titled Tuesday Blitz"]
[Site "Chess.com"]
[Date "2020.11.10"]
[Round "3"]
[White "Quiet_Desperation"]
[Black "NateSolon"]
[Result "0-1"]
[WhiteElo "1731"]
[BlackElo "2471"]
[TimeControl "180+1"]
[EndTime "10:27:50 PST"]
[Termination "NateSolon won by resignation"]

1. Nf3 d5 2. b3 Bg4 3. e3 Nd7 4.
Bb2 e5 5. h3 Bxf3 6. Qxf3 Ngf6 7.
d3 Bd6 8. Nd2 O-O 9. O-O-O a5 10. a4 b5 11. g4 bxa4 12. g5 Ne8 13. Qxd5 axb3 14. cxb3 Nb6 15. Qe4 a4 16. Bg2 axb3 17.
Nc4 Ra2 18. h4 Na4 19. Bxe5 Bxe5 20. Qxe5 Rc2+ 21. Kb1 Nc3+ 0-1

[Event "*** Titled Tuesday Blitz"]
[Site "Chess.com"]
[Date "2020.11.10"]
[Round "3"]
[White "Nuvas"]
[Black "Klavdia_Nik"]
[Result "1-0"]
[WhiteElo "2320"]
[BlackElo "2113"]
[TimeControl "180+1"]
[EndTime "10:28:02 PST"]
[Termination "Nuvas won by resignation"]

1. d4 Nf6 2. c4 c5 3. d5 b5 4.
cxb5 a6 5. e3 axb5 6. Bxb5 Qa5+ 7. Nc3 Ba6 8. Bxa6 Nxa6 9. Ne2 d6 10. O-O g6 11. Bd2 Bg7 12. Ne4 Qb6 13. Nxf6+ Bxf6 14.
Bc3 O-O 15. Bxf6 exf6 16. Qc2 Rfb8 17. b3 Nb4 18. Qd2 Qa6 19. Nc3 Qb5 20. Nxb5 1-0

[Event "*** Titled Tuesday Blitz"]
[Site "Chess.com"]
[Date "2020.11.10"]
[Round "3"]
[White "wanyaland"]
[Black "Chessdreamer2020"]
[Result "0-1"]
[WhiteElo "2266"]
[BlackElo "2514"]
[TimeControl "180+1"]
[EndTime "10:28:06 PST"]
[Termination "Chessdreamer2020 won by resignation"]

1. d4 d6 2. c4 e5 3. Nc3 exd4 4. Nf3 c5 5. Nd5 Nf6 6. e3 Nxd5 7. cxd5 dxe3 8.
Bxe3 Be7 9. Bd3 O-O 10. O-O Bg4 11. h3 Bh5 12. Be2 Nd7 13. Re1 Re8 14. Nd2 Bxe2 15. Rxe2 Bf6 16. Nc4 Ne5 17. Nxe5 Bxe5 18. Qc2 Bf6 19.
Rae1 Qd7 20. Kh2 Re7 21. g3 Rae8 22. Kg2 g6 23. b3 h5 24. Bc1 Rxe2 25. Rxe2 Re7 26. Bf4 Kg7 27. Qd3 Bd4 28. Bg5 Rxe2 29. Qxe2 Qf5 0-1

[Event "*** Titled Tuesday Blitz"]
[Site "Chess.com"]
[Date "2020.11.10"]
[Round "3"]
[White "Boudicca64"]
[Black "orestn"]
[Result "0-1"]
[WhiteElo "1820"]
[BlackElo "2253"]
[TimeControl "180+1"]
[EndTime "10:28:07 PST"]
[Termination "orestn won by resignation"]

1. e4 e5 2. d4 Nc6 3. dxe5 Nxe5 4. f4 Nc6 5. Bc4 d6 6. Nc3 Be7 7. Be3 Nf6 8. Qe2 O-O 9. O-O-O Be6 10. Bxe6 fxe6 11.
Qc4 Qc8 12. f5 Ng4 13. Bf4 Nf2 14. Nf3 Nxh1 15. Rxh1 Kh8 16. Bg5 exf5 17. Nd5 Bxg5+ 18. Nxg5 fxe4 19. Qxe4 Qf5 20. Qh4 h6 21. Ne3 Qxg5 0-1

[Event "*** Titled Tuesday Blitz"]
[Site "Chess.com"]
[Date "2020.11.10"]
[Round "3"]
[White "WonderChampion"]
[Black "Ladislav1969"]
[Result "0-1"]
[WhiteElo "2026"]
[BlackElo "2280"]
[TimeControl "180+1"]
[EndTime "10:28:08 PST"]
[Termination "Ladislav1969 won by resignation"]

1. d4 Nf6 2. Nf3 g6 3. e3 Bg7 4.
Bd3 d5 5. O-O O-O 6. c4 dxc4 7.
Bxc4 c5 8. dxc5 Qa5 9. Nc3 Qxc5 10. Bb3 Nc6 11. Bd2 Rd8 12. Qe2 Qh5 13. e4 Bg4 14. Nd5 Nd4 15. Nxf6+ Bxf6 16. e5 Nxe2+ 17. Kh1 Bxf3 0-1

[Event "*** Titled Tuesday Blitz"]
[Site "Chess.com"]
[Date "2020.11.10"]
[Round "3"]
[White "guillembaches"]
[Black "nitpicker"]
[Result "0-1"]
[WhiteElo "2377"]
[BlackElo "2207"]
[TimeControl "180+1"]
[EndTime "10:28:13 PST"]
[Termination "nitpicker won by resignation"]

1. e4 d5 2. exd5 Qxd5 3. Nc3 Qd8 4. d4 Nf6 5. Bc4 a6 6. Nf3 b5 7. Bb3 c5 8. dxc5 Qxd1+ 9. Nxd1 e6 10. Be3 Bb7 11. c4 Nbd7 12. cxb5 axb5 13. Rc1 Rc8 14. Ke2 Bxc5 15. Nc3 Ba6 16. Bxc5 Nxc5 17. Ke3 Ng4+ 18.
Kf4 Nxf2 19. Rhf1 Nfd3+ 20. Kg3 Nxc1 21. Rxc1 b4 22. Na4 Ne4+ 0-1

[Event "*** Titled Tuesday Blitz"]
[Site "Chess.com"]
[Date "2020.11.10"]
[Round "3"]
[White "DenisQ"]
[Black "Chesstrainer1"]
[Result "0-1"]
[WhiteElo "2627"]
[BlackElo "2421"]
[TimeControl "180+1"]
[EndTime "10:28:17 PST"]
[Termination "Chesstrainer1 won by resignation"]

1. Nf3 Nf6 2. c4 g6 3. Nc3 Bg7 4. g3 O-O 5. Bg2 d6 6. O-O e5 7.
Rb1 a5 8. a3 c6 9. b4 axb4 10.
axb4 e4 11. Nd4 d5 12. d3 exd3 13. Qxd3 dxc4 14. Qxc4 Nbd7 15. Rd1 Qe7 16. b5 Ne5 17. Qb3 c5 18. Nf3 Be6 19. Qc2 Bf5 20. e3 0-1

[Event "*** Titled Tuesday Blitz"]
[Site "Chess.com"]
[Date "2020.11.10"]
[Round "3"]
[White "Kazmin_Dmitrij"]
[Black "Flutaga"]
[Result "1-0"]
[WhiteElo "2267"]
[BlackElo "1974"]
[TimeControl "180+1"]
[EndTime "10:28:36 PST"]
[Termination "Kazmin_Dmitrij won by resignation"]

1. e4 e5 2. Nf3 Nc6 3. Bb5 f5 4. Nc3 fxe4 5. Nxe4 d5 6. Nxe5 dxe4 7. Nxc6 Qd5 8. c4 Qd6 9. Nxa7+ Bd7 10. Bxd7+ Qxd7 11. Qh5+ g6 12. Qe5+ Kf7 13. Nb5 Bg7 14. Qxc7 Qxc7 15.
Nxc7 Nf6 16. Nxa8 Rxa8 17. O-O Nd7 18. f3 exf3 19. Rxf3+ Ke6 20. d3 Ne5 21. Re3 Kf5 22. Bd2 g5 23. Rf1+ Kg6 24. Bc3 Nc6 25. Re6+ Kh5 26.
Bxg7 1-0

[Event "*** Titled Tuesday Blitz"]
[Site "Chess.com"]
[Date "2020.11.10"]
[Round "3"]
[White "GregShahade"]
[Black "keepitcoming"]
[Result "1/2-1/2"]
[WhiteElo "2692"]
[BlackElo "2510"]
[TimeControl "180+1"]
[EndTime "10:28:44 PST"]
[Termination "Game drawn by agreement"]

1. e4 c6 2. Nc3 d5 3. Nf3 dxe4 4. Nxe4 Nf6 5. Qe2 Nxe4 6. Qxe4 g6 7. d4 Bg7 8. Bc4 Bf5 9. Qe2 b5 10. Bb3 Nd7 11. O-O O-O 12. Re1 Re8 13. a4 a6 14.
d5 Nc5 15. dxc6 Qb6 16. Be3 Qxc6 17. axb5 axb5 18. Rxa8 Rxa8 19. Bxc5 Qxc5 20. Qxe7 Qxe7 21. Rxe7 Ra1+ 22. Re1 Rxe1+ 23. Nxe1 Bxb2 24. Nd3 Bxd3 25. cxd3 Kf8 1/2-1/2

[Event "*** Titled Tuesday Blitz"]
[Site "Chess.com"]
[Date "2020.11.10"]
[Round "3"]
[White "Sanan_Sjugirov"]
[Black "Sadykov_Ramil"]
[Result "1-0"]
[WhiteElo "2829"]
[BlackElo "2556"]
[TimeControl "180+1"]
[EndTime "10:28:48 PST"]
[Termination "Sanan_Sjugirov won by resignation"]

1. e4 e5 2. Nf3 Nc6 3. Bb5 Nf6 4.
d3 Bc5 5. c3 d6 6. O-O Bd7 7.
Ba4 h6 8. Nbd2 O-O 9. h3 Ne7 10.
Bc2 Ng6 11. Re1 a6 12. Nf1 Re8 13. Ng3 Bb6 14. d4 c6 15. Be3 Qc7 16. Qd2 Rad8 17. Bxh6 gxh6 18. Qxh6 Be6 19. Nf5 1-0

[Event "*** Titled Tuesday Blitz"]
[Site "Chess.com"]
[Date "2020.11.10"]
[Round "3"]
[White "LimeInTheCoconut"]
[Black "FMJoseHerrera"]
[Result "0-1"]
[WhiteElo "2389"]
[BlackElo "2591"]
[TimeControl "180+1"]
[EndTime "10:28:48 PST"]
[Termination "FMJoseHerrera won by resignation"]

1. e4 c5 2. Nc3 e6 3. Nge2 a6 4. d3 Qc7 5. g3 b6 6. Bg2 Bb7 7. O-O d6 8. f4 Nd7 9. f5 e5 10.
Nd5 Bxd5 11. exd5 Ngf6 12. a4 Be7 13. Nc3 h5 14. h3 O-O-O 15. Qe2 Rdg8 16. Bd2 g6 17.
fxg6 Rxg6 18. Be1 Rhg8 19. Rb1 h4 20. g4 Nh5 21. Ne4 Nf4 22. Qf3 f5 23. Nf2 Nf6 24.
Kh1 fxg4 25. Nxg4 Nxg4 26. hxg4 h3 0-1

[Event "*** Titled Tuesday Blitz"]
[Site "Chess.com"]
[Date "2020.11.10"]
[Round "3"]
[White "BanjoKazooieN64"]
[Black "tlomigtlis"]
[Result "0-1"]
[WhiteElo "2391"]
[BlackElo "2600"]
[TimeControl "180+1"]
[EndTime "10:28:49 PST"]
[Termination "tlomigtlis won by resignation"]

1. e4 c5 2. d4 cxd4 3. c3 d3 4. Bxd3 Nc6 5. Nf3 d6 6. O-O g6 7. h3 Bg7 8. Nbd2 Nf6 9. Nb3 O-O 10. Nbd4 Nd7 11. Nxc6 bxc6 12. Nd4 Bb7 13. Be2 c5 14. Nb5 a6 15. Bf3 axb5 16. Bg5 Ne5 17. Be2 c4 18. f4 Nd3 19. Bxd3 cxd3 20. Qxd3 Qb6+ 21. Kh1 e5 22. f5 d5 23. f6 Bh8 24. exd5 Rad8 25. Qg3 Rxd5 26. Rae1 Re8 27. Re4 Rd2 28. Bh6 Rxb2 29. Bg7 Bxe4 30. Qh4 Bxg2+ 31. Kh2 Bxf1+ 0-1

[Event "*** Titled Tuesday Blitz"]
[Site "Chess.com"]
[Date "2020.11.10"]
[Round "3"]
[White "BogdanDeac"]
[Black "IrishMonkey"]
[Result "1-0"]
[WhiteElo "2796"]
[BlackElo "2454"]
[TimeControl "180+1"]
[EndTime "10:28:55 PST"]
[Termination "BogdanDeac won by resignation"]

1. Nf3 g6 2. d4 Bg7 3. e4 d6 4. c4 Bg4 5. Be2 Nc6 6. Nbd2 Nf6 7. d5 Nb8 8. h3 Bxf3 9. Bxf3 O-O 10. O-O Bh6 11.
b3 Nbd7 12. Bb2 c5 13. Qc2 Ne5 14. Be2 Bxd2 15. Qxd2 Qe8 16. f4 Ned7 17. e5 Ne4 18. Qe3 f5 19. Bd3 dxe5 20. fxe5 a6 21. Bxe4 fxe4 22.
e6 Nf6 23. Be5 a5 24. Rf2 b5 25. Raf1 a4 26. Bxf6 exf6 27. Rxf6 Rxf6 28. Rxf6 axb3 29. axb3 Qd8 30. Qf4 Qb8 31. Qxb8+ Rxb8 32. e7 bxc4 33. bxc4 Kg7 34. Rf1 e3 35. d6 h5 36. d7 1-0

[Event "*** Titled Tuesday Blitz"]
[Site "Chess.com"]
[Date "2020.11.10"]
[Round "3"]
[White "GM_Crest"]
[Black "gui_borba"]
[Result "1-0"]
[WhiteElo "2741"]
[BlackElo "2443"]
[TimeControl "180+1"]
[EndTime "10:28:56 PST"]
[Termination "GM_Crest won by resignation"]

1. d4 Nf6 2. c4 e6 3. Nc3 Bb4 4. e3 b6 5. Ne2 Bb7 6. a3 Be7 7. d5 O-O 8. Ng3 a5 9. Be2 Na6 10. Rb1 Nc5 11. b4 axb4 12. axb4 Na6 13. Ba3 d6 14. e4 e5 15. Nf5 g6 16. Nxe7+ Qxe7 17. Bc1 Kg7 18. h4 h5 19. Bg5 Bc8 20. Qd2 Bd7 21. Bh6+ Kg8 22. Bxf8 Qxf8 23. g3 Nb8 24. O-O Ra3 25. Ra1 Rxa1 26. Rxa1 c6 27. Ra8 c5 28. bxc5 dxc5 29. Qa2 Bh3 30. Qa7 Nfd7 31. Qc7 Kh7 32. Kh2 1-0

[Event "*** Titled Tuesday Blitz"]
[Site "Chess.com"]
[Date "2020.11.10"]
[Round "3"]
[White "andriipalchuk"]
[Black "Sven_Tica"]
[Result "0-1"]
[WhiteElo "2430"]
[BlackElo "2692"]
[TimeControl "180+1"]
[EndTime "10:29:00 PST"]
[Termination "Sven_Tica won by resignation"]

1. d4 d5 2. c4 e6 3. Nc3 Nf6 4.
cxd5 exd5 5. Bg5 c6 6. e3 Be6 7.
Bd3 Nbd7 8. Nf3 h6 9. Bh4 g5 10. Bg3 Nh5 11. Qc2 Nxg3 12. hxg3 Bd6 13. Rb1 Qe7 14.
Bf5 O-O-O 15. Bxe6 fxe6 16. Ke2 Kb8 17. b4 Rc8 18. a3 g4 19. Nd2 e5 20. Nb3 Nb6 21. dxe5 Qxe5 22. Nc5 Bxc5 23. bxc5 Nc4 24. Rhg1 Rhf8 25.
Qb3 Rxf2+ 0-1

[Event "*** Titled Tuesday Blitz"]
[Site "Chess.com"]
[Date "2020.11.10"]
[Round "3"]
[White "dopolian"]
[Black "valeriocarnicelli"]
[Result "0-1"]
[WhiteElo "2369"]
[BlackElo "2571"]
[TimeControl "180+1"]
[EndTime "10:29:04 PST"]
[Termination "valeriocarnicelli won by resignation"]

1. e4 e5 2. Nf3 Nc6 3. Bb5 a6 4.
Ba4 Nf6 5. O-O Be7 6. Re1 b5 7.
Bb3 O-O 8. a4 Rb8 9. d3 d6 10.
Nc3 Bg4 11. axb5 Nd4 12. Be3 Bxf3 13. gxf3 Nxb3 14. cxb3 axb5 15. Ne2 c5 16. f4 Ng4 17.
Ng3 Nxe3 18. fxe3 exf4 19. exf4 Bf6 20. Qd2 Bd4+ 21. Kh1 Qh4 22. Nf5 Qh3 23. Nxd4 cxd4 24. Rg1 g6 25. Rg3 Qe6 26. Qb4 Qf6 27. Rf1 Rfc8 28. Rg5 Rc2 29. Rxb5 Rxb5 30. Qxb5 Qh4 0-1

[Event "*** Titled Tuesday Blitz"]
[Site "Chess.com"]
[Date "2020.11.10"]
[Round "3"]
[White "ViktoriyaTarasova"]
[Black "ehrenfeld"]
[Result "1-0"]
[WhiteElo "2272"]
[BlackElo "2495"]
[TimeControl "180+1"]
[EndTime "10:29:04 PST"]
[Termination "ViktoriyaTarasova won by resignation"]

1. d4 Nf6 2. c4 e6 3. Nc3 Bb4 4. Nf3 Bxc3+ 5. bxc3 d6 6. Qc2 O-O 7. e4 e5 8. Bd3 Nc6 9. d5 Ne7 10. O-O Ng6 11. g3 Bh3 12. Re1 h6 13. Bf1 Bxf1 14. Rxf1 Nd7 15. Nd2 Qe7 16. Kg2 a5 17. f3 a4 18. Re1 Nc5 19. Nf1 Qd7 20.
Ne3 Ne7 21. Ba3 b6 22. Bxc5 bxc5 23. Rab1 f5 24. exf5 Nxf5 25. Nxf5 Rxf5 26. Re4 Raf8 27. Rf1 a3 28. Re3 Rb8 29. Rb1 Rxb1 30. Qxb1 Qa4 31. Qxf5 1-0

[Event "*** Titled Tuesday Blitz"]
[Site "Chess.com"]
[Date "2020.11.10"]
[Round "3"]
[White "Xeniya2005"]
[Black "Roman_Ovetchkin"]
[Result "0-1"]
[WhiteElo "2394"]
[BlackElo "2607"]
[TimeControl "180+1"]
[EndTime "10:29:15 PST"]
[Termination "Roman_Ovetchkin won by resignation"]

1. e4 c6 2. d4 d5 3. Nd2 dxe4 4.
Nxe4 Nf6 5. Nxf6+ exf6 6. c3 Bd6 7. Bd3 O-O 8. Ne2 Re8 9. Qc2 h5 10. Be3 Nd7 11. O-O-O Nf8 12. h3 b5 13. g4 h4 14.
Rdg1 Be6 15. Kb1 Bd5 16. g5 Bxh1 17. gxf6 Qxf6 18. Rxh1 Qf3 19. Rg1 Rxe3 20. fxe3 Qxe3 21. Qc1 Qxd3+ 0-1

[Event "*** Titled Tuesday Blitz"]
[Site "Chess.com"]
[Date "2020.11.10"]
[Round "3"]
[White "Aemulus20"]
[Black "Phenix2k"]
[Result "1-0"]
[WhiteElo "2589"]
[BlackElo "2387"]
[TimeControl "180+1"]
[EndTime "10:29:15 PST"]
[Termination "Aemulus20 won by resignation"]

1. e4 d5 2. exd5 Nf6 3. d4 Bg4 4. Be2 Bxe2 5. Qxe2 Qxd5 6. Nc3 Qxg2 7. Qf3 Qxf3 8.
Nxf3 c6 9. a4 e6 10. Rg1 g6 11.
a5 a6 12. Ne5 Nbd7 13. Nc4 O-O-O 14. Bf4 Nd5 15. Bg3 Bb4 16. Kf1 Nxc3 17. bxc3 Be7 18. Rb1 Rde8 19. Kg2 h5 20. h3 g5 21. Rb3 f5 22. Bd6 Nf6 23. Rgb1 Ne4 24. Be5 b5 25. axb6 1-0

[Event "*** Titled Tuesday Blitz"]
[Site "Chess.com"]
[Date "2020.11.10"]
[Round "3"]
[White "joppie2"]
[Black "ftorodent"]
[Result "1-0"]
[WhiteElo "2961"]
[BlackElo "2698"]
[TimeControl "180+1"]
[EndTime "10:29:16 PST"]
[Termination "joppie2 won by resignation"]

1. e4 e6 2. d4 d5 3. Nc3 Nf6 4. e5 Nfd7 5. f4 c5 6. Nf3 Nc6 7. Be3 cxd4 8. Nxd4 Bc5 9. Qd2 a6 10. Be2 O-O 11. O-O Qe7 12. Kh1 f5 13. Rg1 Nxd4 14.
Bxd4 Bxd4 15. Qxd4 Qc5 16. Qd2 b5 17. Bf3 Bb7 18. Ne2 Nb6 19. Nd4 Nc4 20. Qf2 Nxb2 21. g4 fxg4 22. Rxg4 Rf7 23. Rag1 Qe7 24. Qg3 Kh8 25.
Nxe6 g6 26. Ng5 Rg7 27. f5 gxf5 28. Nf7+ 1-0

[Event "*** Titled Tuesday Blitz"]
[Site "Chess.com"]
[Date "2020.11.10"]
[Round "3"]
[White "elamier"]
[Black "azikom"]
[Result "0-1"]
[WhiteElo "2352"]
[BlackElo "2557"]
[TimeControl "180+1"]
[EndTime "10:29:21 PST"]
[Termination "azikom won by resignation"]

1. d4 d5 2. Nf3 e6 3. e3 c5 4.
c3 Nc6 5. Bd3 f5 6. Nbd2 Nf6 7.
O-O Bd6 8. c4 O-O 9. cxd5 exd5 10. dxc5 Bxc5 11. Nb3 Bb6 12. Bd2 Ne4 13. Rc1 Qf6 14.
Bc3 Qh6 15. Bd4 Nxd4 16. Nbxd4 f4 17. exf4 Rxf4 18. Qb3 Nf6 19. Ne2 Rxf3 20. gxf3 Bh3 21. Rfe1 Qg5+ 22. Ng3 h5 23. Bf1 Bd7 24. Re7 Qxc1 0-1

[Event "*** Titled Tuesday Blitz"]
[Site "Chess.com"]
[Date "2020.11.10"]
[Round "3"]
[White "winniethepooh04"]
[Black "MasterKroket"]
[Result "0-1"]
[WhiteElo "2219"]
[BlackElo "2436"]
[TimeControl "180+1"]
[EndTime "10:29:22 PST"]
[Termination "MasterKroket won by resignation"]

1. e4 c5 2. Nf3 e6 3. d4 cxd4 4. Nxd4 Nc6 5. Nc3 Qc7 6. Be3 a6 7. a4 Nf6 8. Bd3 Ne5 9. O-O b6 10. h3 Bb7 11. Qe2 Be7 12. f4 Nc4 13. Bxc4 Nxe4 14.
Nxe4 Bxe4 15. Bd3 Bb7 16. f5 e5 17. f6 Bxf6 18. Nf5 e4 19. Bf4 Qc5+ 20. Ne3 exd3 21. cxd3 O-O 22. Kh2 Rfe8 23. Qf2 Be5 24. Rae1 f6 25. Bxe5 Qxe5+ 26. Kh1 Qd4 0-1

[Event "*** Titled Tuesday Blitz"]
[Site "Chess.com"]
[Date "2020.11.10"]
[Round "3"]
[White "emiliochess"]
[Black "niki_2003"]
[Result "1-0"]
[WhiteElo "2267"]
[BlackElo "1956"]
[TimeControl "180+1"]
[EndTime "10:29:24 PST"]
[Termination "emiliochess won by resignation"]

1. d4 Nf6 2. Bf4 e6 3. e3 b6 4. Nd2 Bb7 5. Ngf3 d6 6. Bd3 Nbd7 7. O-O c5 8. c3 Be7 9. Re1 O-O 10. e4 a6 11. a4 Nh5 12. Be3 e5 13. Nxe5 Nxe5 14. dxe5 dxe5 15. Qxh5 Qxd3 16. Qxe5 Bf6 17. Qg3 Qd7 18.
e5 Bd8 19. Bh6 f6 20. exf6 Bxf6 21. Ne4 Bxe4 22. Rxe4 Kh8 23. Bg5 Qf5 24. Bxf6 Rxf6 25. Rae1 Raf8 26. f3 Qd7 27. Re7 Rg6 28. Rxd7 Rxg3 29.
hxg3 1-0

[Event "*** Titled Tuesday Blitz"]
[Site "Chess.com"]
[Date "2020.11.10"]
[Round "3"]
[White "IsuruAlahakoon"]
[Black "GelmanAlexander"]
[Result "1-0"]
[WhiteElo "2500"]
[BlackElo "2583"]
[TimeControl "180+1"]
[EndTime "10:29:25 PST"]
[Termination "IsuruAlahakoon won by resignation"]

1. Nf3 c5 2. e4 e6 3. g3 Nc6 4. Bg2 Nf6 5. Qe2 d6 6. O-O Be7 7. Rd1 O-O 8. d4 cxd4 9. Nxd4 Bd7 10. Nc3 a6 11. Be3 Qc7 12. h3 Rac8 13. Nxc6 Bxc6 14.
Bd4 b5 15. e5 dxe5 16. Bxe5 Qb7 17. Bxc6 Qxc6 18. a3 h6 19. Rd3 Rfd8 20. Rad1 Rxd3 21.
Rxd3 a5 22. Nxb5 Qxc2 23. Rd2 Qc1+ 24. Kh2 Qc5 25. Nd4 a4 26. Rc2 Nd7 27. Rxc5 Rxc5 28. Nf3 Rb5 29. Qxb5 1-0

[Event "*** Titled Tuesday Blitz"]
[Site "Chess.com"]
[Date "2020.11.10"]
[Round "3"]
[White "pedro_nascimento85"]
[Black "Marcin"]
[Result "0-1"]
[WhiteElo "2003"]
[BlackElo "2475"]
[TimeControl "180+1"]
[EndTime "10:29:26 PST"]
[Termination "Marcin won by checkmate"]

1. d4 Nf6 2. c4 g6 3. Nc3 Bg7 4. e4 d6 5. Be2 O-O 6. Nf3 e5 7. d5 a5 8. Bg5 Na6 9. Nd2 Qe8 10. O-O Nd7 11. Be3 f5 12. f3 f4 13. Bf2 g5 14.
a3 Nf6 15. Rb1 Rf7 16. b4 Bf8 17. c5 dxc5 18. Bxa6 Rxa6 19. bxc5 g4 20. Nc4 Rg7 21. Kh1 g3 22. Bg1 gxh2 23. Bxh2 Bxc5 24. d6 cxd6 25. Nd5 Nxd5 26. Qxd5+ Be6 27. Qd3 Qh5 28. Rb5 Bd4 29.
Rxa5 Rg6 30. Rxa6 Qxh2+ 31. Kxh2 Rh6# 0-1

[Event "*** Titled Tuesday Blitz"]
[Site "Chess.com"]
[Date "2020.11.10"]
[Round "3"]
[White "Sacbutt"]
[Black "nochewycandy"]
[Result "0-1"]
[WhiteElo "2303"]
[BlackElo "2529"]
[TimeControl "180+1"]
[EndTime "10:29:34 PST"]
[Termination "nochewycandy won by resignation"]

1. e4 g6 2. d4 Bg7 3. Nc3 d6 4. Be3 a6 5. Nf3 b5 6. Qd2 Bb7 7. a3 Nd7 8. d5 c5 9. dxc6 Bxc6 10. Nd4 Bb7 11. f3 Rc8 12. Be2 Ngf6 13. O-O O-O 14. Rad1 Nb6 15. Kh1 Nc4 16. Bxc4 Rxc4 17. Nde2 Nd7 18.
Bh6 Qb6 19. Bxg7 Kxg7 20. b3 Rcc8 21. Nd5 Bxd5 22. exd5 Nf6 23. Rfe1 Qc5 24. c3 Qxa3 25. b4 Qb3 26. Nd4 Qxc3 27. Qg5 Ng8 28. Nf5+ Kh8 29. Nxe7 Rce8 30. h4 f6 31. Qd2 0-1

[Event "*** Titled Tuesday Blitz"]
[Site "Chess.com"]
[Date "2020.11.10"]
[Round "3"]
[White "BocharovD"]
[Black "KarstenHansch"]
[Result "1-0"]
[WhiteElo "2760"]
[BlackElo "2528"]
[TimeControl "180+1"]
[EndTime "10:29:37 PST"]
[Termination "BocharovD won by resignation"]

1. d4 d5 2. c4 e6 3. Nf3 Nf6 4. g3 Be7 5. Bg2 O-O 6. Nc3 dxc4 7. Ne5 Nc6 8. Bxc6 bxc6 9. Nxc6 Qe8 10. Nxe7+ Qxe7 11. O-O e5 12. dxe5 Qxe5 13. Bf4 Qc5 14. Qd2 Bh3 15. Rfd1 Rfe8 16. Qd4 Qh5 17. f3 Rab8 18. Rd2 Be6 19. Rad1 c5 20. Qe5 Qxe5 21. Bxe5 Rb7 22. Rd8 Kf8 23. Bd6+ Kg8 24. Bxc5 h6 25. Rxe8+ Nxe8 26. Rd8 Bd7 27. Ne4 f6 28. Bd4 Bc6 29. Nd6 Re7 30.
Kf2 Kf8 31. Nxe8 Bxe8 32. Bc5 1-0